 Dungeon Crawl Stone Soup version 0.16.1-30-g34a7ffa (webtiles) character file.

2398 ulk the Grappler (level 9, -2/88 HPs)
             Began as a Troll Monk on June 16, 2015.
             Was an Initiate of Trog.
             Slain by a goliath beetle (19 damage)
             ... on level 8 of the Dungeon.
             The game lasted 00:48:56 (5348 turns).

ulk the Grappler (Troll Monk)                       Turns: 5348, Time: 00:48:56

Health: -2/88      AC:  7    Str: 23    XL:     9   Next: 23%
Magic:  3/3        EV: 12    Int:  6    God:    Trog [......]
Gold:   321        SH:  0    Dex: 13    Spells: 0 memorised, 8 levels left

rFire  . . .     SeeInvis .       - Unarmed
rCold  . . .     Clarity  +     q - +2 robe {rN+}
rNeg   + . .     SustAb   .     (shield restricted)
rPois  .         Gourm    +     (helmet restricted)
rElec  .         Spirit   .     (no cloak)
rCorr  .         Warding  .     (gloves unavailable)
rMut   .         Stasis   .     (boots unavailable)
MR     .....                    c - amulet of clarity
Stlth  +++.......               m - ring of invisibility
                                e - ring of stealth

@: not resistant to hostile enchantments, fairly stealthy
A: unfitting armour, claws 3, talons 1, fast metabolism 3, gourmand, low mp 1,
regeneration 2, shaggy fur 1, tough skin 2
a: Burn Spellbooks, Renounce Religion, Evoke Invisibility


You were on level 8 of the Dungeon.
You worshipped Trog.
Trog was noncommittal.
You were not hungry.

You visited 1 branch of the dungeon, and saw 8 of its levels.

You collected 321 gold pieces.

Inventory:

Hand weapons
 h - a +3 whip
 n - a +0 arbalest
 w - a +0 hand crossbow
Missiles
 l - a throwing net (quivered)
Armour
 q - a +2 robe of positive energy (worn)
Jewellery
 c - an amulet of clarity (around neck)
 e - a ring of stealth (left claw)
 k - a cursed ring of loudness
 m - a ring of invisibility (right claw)
Magical devices
 a - a wand of slowing (26)
 d - a wand of disintegration (9)
 x - a wand of invisibility (6)
Scrolls
 r - 2 scrolls of remove curse
 s - a scroll of teleportation
 u - a scroll of identify
 v - 2 scrolls of enchant armour
Potions
 f - 2 potions of curing
 i - a potion of ambrosia
 j - a potion of cure mutation {unknown}
 o - a potion of restore abilities {unknown}
 p - a potion of cancellation
 t - a potion of heal wounds
Comestibles
 b - 5 meat rations
 g - 3 bread rations


   Skills:
 + Level 5.4 Fighting
 + Level 0.6 Throwing
 + Level 6.1 Dodging
 + Level 2.6 Stealth
 + Level 8.7 Unarmed Combat
 + Level 0.2 Evocations


You had 8 spell levels left.
You didn't know any spells.

Dungeon Overview and Level Annotations

Branches:
Dungeon (8/15)
 Temple: D:4-7         Lair: D:8-11

Altars:
Fedhas
Gozag
Kikubaaqudgha
Nemelex Xobeh
Qazlal
Sif Muna
Trog
The Shining One


Innate Abilities, Weirdness & Mutations

You are too large for most types of armour.
You have claws for hands.
Your metabolism is lightning-fast.
You like to eat raw meat.
You heal very quickly.
You are covered in fur (AC +1).
You have very tough skin (AC +2).
You have sharp toenails.
Your magical capacity is low (-10% MP).


Message History

You completely miss the goliath beetle.
The goliath beetle is lightly wounded.
The goliath beetle bites you!!
You claw the goliath beetle! Your kick misses the goliath beetle.
The goliath beetle is moderately wounded.
You claw the goliath beetle!
The goliath beetle is heavily wounded.
The goliath beetle bites you!!
* * * LOW HITPOINT WARNING * * *
Press: ? - help, v - describe, . - travel
Here: a goliath beetle (heavily wounded)
The floor.
You claw the goliath beetle!
You claw the goliath beetle, but do no damage.
The goliath beetle is severely wounded.
You scratch the goliath beetle.
You claw the goliath beetle, but do no damage.
The goliath beetle is almost dead.
The goliath beetle bites you!!
You die...

######## ### #......###
..# #........# ..#
#........# ..#
##.......############ ..#
#.......'.@B...!..$.
#######.......######......
........###'######## ...
...................+ .
########.##.##.#####
#..#'##+## #### #........#
..... +........# ####
#........#


You could see a goliath beetle.

Vanquished Creatures
  The ghost of Unholydonuts the Shield-Bearer, an experienced HOFi of Okawaru (D:7)
  Pikel (D:7)
  A sky beast (D:7)
  An ice beast (D:6)
  2 orc warriors (D:6)
  A phantom (D:5)
  An ogre (D:5)
  Sigmund (D:5)
  A scorpion (D:7)
  3 crimson imps
  A giant frog zombie (D:7)
  A goliath beetle (D:6)
  A jelly (D:6)
  A hound (D:5)
  2 orc priests
  4 orc wizards
  2 iguanas
  2 worker ants
  Terence (D:2)
  Robin (D:3)
  6 gnolls
  2 adders
  A shadow imp (D:8)
  3 worms (D:2)
  An adder skeleton (D:6)
  6 giant geckos
  11 orcs
  3 giant cockroaches
  20 goblins
  7 hobgoblins
  2 jackals (D:7)
  10 kobolds
  An ooze (D:3)
  3 quokkas
  2 ball pythons
  7 bats
  A giant gecko skeleton (D:6)
  A giant gecko zombie (D:6)
  7 giant newts
  11 rats
134 creatures vanquished.

Vanquished Creatures (others)
  An orc wizard (D:7)
  A hobgoblin (D:7)
2 creatures vanquished.

Grand Total: 136 creatures vanquished

Notes
Turn   | Place    | Note
--------------------------------------------------------------
     0 | D:1      | ulk, the Troll Monk, began the quest for the Orb.
     0 | D:1      | Reached XP level 1. HP: 22/22 MP: 1/1
   181 | D:1      | Reached XP level 2. HP: 29/29 MP: 1/1
   687 | D:2      | Reached XP level 3. HP: 36/36 MP: 2/2
   906 | D:2      | Noticed Terence
   924 | D:2      | Killed Terence
   924 | D:2      | Reached skill level 5 in Unarmed Combat
   966 | D:2      | Reached XP level 4. HP: 37/44 MP: 2/2
  1172 | D:2      | Found a deep blue altar of Sif Muna.
  1460 | D:3      | Found a stormy altar of Qazlal.
  1470 | D:3      | Became a worshipper of Qazlal Stormbringer
  1470 | D:3      | Acquired Qazlal's first power
  1470 | D:3      | Acquired Qazlal's second power
  1554 | D:3      | Found a glowing golden altar of the Shining One.
  1559 | D:3      | Noticed Robin
  1594 | D:3      | Killed Robin
  1639 | D:3      | Found an ancient bone altar of Kikubaaqudgha.
  2046 | D:4      | Noticed an ogre
  2157 | D:4      | You fall through a shaft!
  2157 | D:5      | Entered Level 5 of the Dungeon
  2195 | D:5      | Reached XP level 5. HP: 49/52 MP: 2/2
  2218 | D:5      | Noticed Sigmund
  2232 | D:5      | Killed Sigmund
  2411 | D:5      | Found an opulent altar of Gozag.
  2725 | D:5      | Reached XP level 6. HP: 56/61 MP: 3/3
  2731 | D:5      | Gained mutation: Your magical capacity is low (-10% MP). [potion of mutation]
  2731 | D:5      | Gained mutation: You have sharp toenails. [potion of mutation]
  2750 | D:5      | Noticed a phantom
  2761 | D:5      | Killed a phantom
  2761 | D:5      | Reached skill level 6 in Unarmed Combat
  2836 | D:5      | Noticed an ogre
  2843 | D:5      | Killed an ogre
  2843 | D:5      | Reached XP level 7. HP: 67/67 MP: 2/2
  3110 | D:6      | Acquired Qazlal's third power
  3849 | D:6      | Reached skill level 7 in Unarmed Combat
  3849 | D:6      | Reached XP level 8. HP: 65/78 MP: 2/2
  4378 | D:7      | Reached skill level 5 in Dodging
  4438 | D:7      | Noticed Unholydonuts' ghost (experienced HOFi)
  4529 | D:7      | Killed Unholydonuts' ghost
  4529 | D:7      | Reached skill level 8 in Unarmed Combat
  4664 | D:7      | Noticed Pikel
  4668 | D:7      | Killed Pikel
  4668 | D:7      | Reached skill level 5 in Fighting
  4668 | D:7      | Reached XP level 9. HP: 86/88 MP: 3/3
  5149 | D:8      | Found a bloodstained altar of Trog.
  5156 | D:8      | Fell from the grace of Qazlal
  5156 | D:8      | Became a worshipper of Trog the Wrathful
  5202 | D:8      | Found a blossoming altar of Fedhas.
  5240 | D:8      | Found a sparkling altar of Nemelex Xobeh.
  5348 | D:8      | Slain by a goliath beetle

Action                   |  1- 3 |  4- 6 |  7- 9 || total
-------------------------+-------+-------+-------++-------
Melee: Unarmed           |    85 |   134 |   177 ||   396
Throw: Throwing net      |       |       |     1 ||     1
Invok: Burn Spellbooks   |       |       |     1 ||     1
Evoke: Wand              |       |       |     2 ||     2
  Use: Scroll            |     4 |     6 |     7 ||    17
       Potion            |       |     3 |     3 ||     6
 Stab: Sleeping          |     2 |       |       ||     2
  Eat: Chunk             |     6 |    11 |    12 ||    29
       Bread ration      |       |     1 |     2 ||     3
       Royal jelly       |       |     1 |       ||     1
       Pizza             |       |       |     1 ||     1
